TOP OF THE 1ST |
New Jersey Devils batting - Pitching for Paris Cubs : RHP Chris P. Shephard
|
Pitching: RHP Chris P. Shephard
|
|
Batting: LHB Randolph Brodbeck
|
0-0: Ball 1-0: Foul Ball, location: 2F 1-1: Ground out 4-3 (Groundball, 34D, EV 91.9 MPH)
|
Batting: RHB Sergio Andrada
|
0-0: Fly out, F5 (Popup, 5D, EV 58.1 MPH)
|
Batting: RHB Warren Carmichael
|
0-0: Foul Ball, location: 2F 0-1: Ball 1-1: Foul Ball, location: 2F 1-2: Ball 2-2: Foul Ball, location: 2F 2-2: Strikes out swinging
|
Top of the 1st over - 0 runs, 0 hits, 0 errors, 0 left on base; New Jersey 0 - Paris 0 |
BOTTOM OF THE 1ST |
Paris Cubs batting - Pitching for New Jersey Devils : RHP Aaron Marcum
|
Pitching: RHP Aaron Marcum
|
|
Batting: RHB Willie Rubio
|
0-0: Ball 1-0: Ball 2-0: Called Strike 2-1: Swinging Strike 2-2: Fly out, F5 (Line Drive, 5L, EV 68.8 MPH)
|
Batting: LHB Zach Martin
|
0-0: Ball 1-0: Called Strike 1-1: Ball 2-1: Foul Ball, location: 2F 2-2: Foul Ball, location: 2F 2-2: Fly out, F8 (Flyball, 8LM, EV 92.5 MPH)
|
Batting: LHB Jeremy Rideout
|
0-0: Foul Ball, location: 2F 0-1: Fly out, F7 (Flyball, 7, EV 96.2 MPH)
|
Bottom of the 1st over - 0 runs, 0 hits, 0 errors, 0 left on base; New Jersey 0 - Paris 0 |
TOP OF THE 2ND |
New Jersey Devils batting - Pitching for Paris Cubs : RHP Chris P. Shephard
|
Batting: RHB Jacob Olander
|
0-0: Ball 1-0: Ball 2-0: Ground out 5-3 (Groundball, 5, EV 111.2 MPH)
|
Batting: LHB Rick Vallis
|
0-0: Ball 1-0: Foul Ball, location: 2F 1-1: Ball 2-1: Ball 3-1: Base on Balls
|
Batting: SHB Ernesto Mazas
|
0-0: Swinging Strike 0-1: Ball 1-1: Foul Ball, location: 2F 1-2: Ball 2-2: Strikes out swinging
|
Batting: RHB Craig Alvarado
|
0-0: SINGLE (Groundball, 34, EV 77.5 MPH) (infield hit) Rick Vallis to second
|
Batting: RHB Oscar Ramirez
|
0-0: Ball 1-0: Ground out 4-3 (Groundball, 4, EV 78.8 MPH)
|
Top of the 2nd over - 0 runs, 1 hit, 0 errors, 2 left on base; New Jersey 0 - Paris 0 |
BOTTOM OF THE 2ND |
Paris Cubs batting - Pitching for New Jersey Devils : RHP Aaron Marcum
|
Batting: LHB David Mendez
|
0-0: Ball 1-0: Swinging Strike 1-1: Ball 2-1: Ball 3-1: Called Strike 3-2: Strikes out swinging
|
Batting: RHB Jesus Resendez
|
0-0: Ball 1-0: Ball 2-0: Foul Ball, location: 2F 2-1: SINGLE (Groundball, 34D, EV 102.5 MPH)
|
Batting: RHB Jason Banks
|
0-0: Fly out, F9 (Flyball, 9S, EV 87.5 MPH)
|
Batting: LHB Bobby Marlatt
|
0-0: Called Strike 0-1: Ground out 4-3 (Groundball, 4, EV 103.8 MPH)
|
Bottom of the 2nd over - 0 runs, 1 hit, 0 errors, 1 left on base; New Jersey 0 - Paris 0 |
TOP OF THE 3RD |
New Jersey Devils batting - Pitching for Paris Cubs : RHP Chris P. Shephard
|
Batting: LHB Matt Reynolds
|
0-0: Called Strike 0-1: Foul Ball, location: 2F 0-2: Ball 1-2: Foul Ball, location: 2F 1-2: Foul Ball, location: 2F 1-2: Strikes out looking
|
Batting: LHB Randolph Brodbeck
|
0-0: Ball 1-0: Ball 2-0: Swinging Strike 2-1: Ground out U3 (Groundball, 3, EV 86.2 MPH)
|
Batting: RHB Sergio Andrada
|
0-0: Ground out 6-3 (Groundball, 6, EV 93.8 MPH)
|
Top of the 3rd over - 0 runs, 0 hits, 0 errors, 0 left on base; New Jersey 0 - Paris 0 |
BOTTOM OF THE 3RD |
Paris Cubs batting - Pitching for New Jersey Devils : RHP Aaron Marcum
|
Batting: RHB Mike Snider
|
0-0: Called Strike 0-1: Fly out, F7 (Line Drive, 78S, EV 93.8 MPH)
|
Batting: RHB Michihisa Tanaka
|
0-0: Foul Ball, location: 2F 0-1: Ball 1-1: Ball 2-1: Foul Ball, location: 2F 2-2: Ball 3-2: Fly out, F8 (Flyball, 8RXD, EV 105.0 MPH)
|
Batting: RHB Willie Rubio
|
0-0: Swinging Strike 0-1: Called Strike 0-2: Ball 1-2: Fly out, F8 (Flyball, 8RM, EV 91.2 MPH)
|
Bottom of the 3rd over - 0 runs, 0 hits, 0 errors, 0 left on base; New Jersey 0 - Paris 0 |
TOP OF THE 4TH |
New Jersey Devils batting - Pitching for Paris Cubs : RHP Chris P. Shephard
|
Batting: RHB Warren Carmichael
|
0-0: Called Strike 0-1: Ball 1-1: Ball 2-1: Ground out 4-3 (Groundball, 4, EV 85.0 MPH)
|
Batting: RHB Jacob Olander
|
0-0: Ball 1-0: Foul Ball, location: 2F 1-1: Ground out 5-3 (Groundball, 56S, EV 80.6 MPH)
|
Batting: LHB Rick Vallis
|
0-0: Called Strike 0-1: Ball 1-1: Ball 2-1: Foul Ball, location: 2F 2-2: Strikes out swinging
|
Top of the 4th over - 0 runs, 0 hits, 0 errors, 0 left on base; New Jersey 0 - Paris 0 |
BOTTOM OF THE 4TH |
Paris Cubs batting - Pitching for New Jersey Devils : RHP Aaron Marcum
|
Batting: LHB Zach Martin
|
0-0: Ground out 4-3 (Groundball, 4, EV 82.5 MPH)
|
Batting: LHB Jeremy Rideout
|
0-0: Called Strike 0-1: Fly out, F8 (Flyball, 8LD, EV 90.6 MPH)
|
Batting: LHB David Mendez
|
0-0: Ball 1-0: Called Strike 1-1: Ball 2-1: Swinging Strike 2-2: Ball 3-2: Foul Ball, location: 2F 3-2: Base on Balls
|
Batting: RHB Jesus Resendez
|
0-0: Swinging Strike 0-1: Ground out 4-3 (Groundball, 34, EV 100.0 MPH)
|
Bottom of the 4th over - 0 runs, 0 hits, 0 errors, 1 left on base; New Jersey 0 - Paris 0 |
TOP OF THE 5TH |
New Jersey Devils batting - Pitching for Paris Cubs : RHP Chris P. Shephard
|
Batting: SHB Ernesto Mazas
|
0-0: Ball 1-0: Foul Ball, location: 2F 1-1: Ball 2-1: Foul Ball, location: 2F 2-2: Fly out, F8 (Flyball, 8LM, EV 90.6 MPH)
|
Batting: RHB Craig Alvarado
|
0-0: SINGLE (Groundball, 56D, EV 106.9 MPH)
|
Batting: RHB Oscar Ramirez
|
0-0: Swinging Strike 0-1: Ball 1-1: Foul Ball, location: 2F 1-2: SINGLE (Line Drive, 4MD, EV 106.9 MPH) Craig Alvarado to second
|
Batting: LHB Matt Reynolds
|
0-0: Ball 1-0: Ball 2-0: Ball 3-0: Base on Balls Craig Alvarado to third Oscar Ramirez to second
|
Batting: LHB Randolph Brodbeck
|
0-0: Foul Ball, location: 2F 0-1: Fly out, F6 (Popup, 6MS, EV 79.4 MPH)
|
Batting: RHB Sergio Andrada
|
0-0: Called Strike 0-1: SINGLE (Line Drive, 34D, EV 97.5 MPH) Craig Alvarado scores Oscar Ramirez to third Matt Reynolds to second
|
Batting: RHB Warren Carmichael
|
0-0: Called Strike 0-1: Ball 1-1: Ball 2-1: Foul Ball, location: 2F 2-2: Ground out 4-3 (Groundball, 4, EV 90.6 MPH)
|
Top of the 5th over - 1 run, 3 hits, 0 errors, 3 left on base; New Jersey 1 - Paris 0 |
BOTTOM OF THE 5TH |
Paris Cubs batting - Pitching for New Jersey Devils : RHP Aaron Marcum
|
Batting: RHB Jason Banks
|
0-0: Swinging Strike 0-1: Foul Ball, location: 2F 0-2: Foul Ball, location: 2F 0-2: Reached on error, E5 (Groundball, 56S, EV 84.4 MPH)
|
Batting: LHB Bobby Marlatt
|
0-0: Ball 1-0: Swinging Strike 1-1: DOUBLE (Line Drive, 8LXD, EV 105.0 MPH) Jason Banks to third
|
Batting: RHB Mike Snider
|
0-0: Called Strike 0-1: Called Strike 0-2: Ball 1-2: Fly out, F9 (Flyball, 9, EV 90.6 MPH) Runner from 3rd tags up, OUT at HOME! 9-2 Bobby Marlatt to third
|
Batting: RHB Michihisa Tanaka
|
0-0: Called Strike 0-1: Fly out, F7 (Line Drive, 7LM, EV 87.5 MPH)
|
Bottom of the 5th over - 0 runs, 1 hit, 1 error, 1 left on base; New Jersey 1 - Paris 0 |
TOP OF THE 6TH |
New Jersey Devils batting - Pitching for Paris Cubs : RHP Chris P. Shephard
|
Pitching: LHP Mike Anderson
|
|
Batting: RHB Jacob Olander
|
0-0: Foul Ball, location: 2F 0-1: Foul Ball, location: 2F 0-2: Ball 1-2: Strikes out swinging
|
Batting: LHB Rick Vallis
|
0-0: Ball 1-0: Called Strike 1-1: Swinging Strike 1-2: Ball 2-2: Strikes out looking
|
Batting: SHB Ernesto Mazas
|
0-0: Swinging Strike 0-1: Ball 1-1: Ground out 3-1 (Groundball, 34, EV 104.4 MPH)
|
Top of the 6th over - 0 runs, 0 hits, 0 errors, 0 left on base; New Jersey 1 - Paris 0 |
BOTTOM OF THE 6TH |
Paris Cubs batting - Pitching for New Jersey Devils : RHP Aaron Marcum
|
Batting: RHB Willie Rubio
|
0-0: Fly out, F8 (Line Drive, 8RD, EV 88.8 MPH)
|
Batting: LHB Zach Martin
|
0-0: Fly out, F4 (Popup, 13S, EV 84.4 MPH)
|
Batting: LHB Jeremy Rideout
|
0-0: Called Strike 0-1: Ball 1-1: Foul Ball, location: 2F 1-2: Foul Ball, location: 2F 1-2: Foul Ball, location: 2F 1-2: Ball 2-2: Strikes out swinging
|
Bottom of the 6th over - 0 runs, 0 hits, 0 errors, 0 left on base; New Jersey 1 - Paris 0 |
TOP OF THE 7TH |
New Jersey Devils batting - Pitching for Paris Cubs : LHP Mike Anderson
|
Batting: RHB Craig Alvarado
|
0-0: Ball 1-0: Foul Ball, location: 2F 1-1: Fly out, F8 (Flyball, 8RD, EV 91.2 MPH)
|
Batting: RHB Oscar Ramirez
|
0-0: Called Strike 0-1: Called Strike 0-2: Foul Ball, location: 2F 0-2: Ball 1-2: Strikes out swinging
|
Batting: LHB Matt Reynolds
|
0-0: Ground out 4-3 (Groundball, 13, EV 81.9 MPH)
|
Top of the 7th over - 0 runs, 0 hits, 0 errors, 0 left on base; New Jersey 1 - Paris 0 |
BOTTOM OF THE 7TH |
Paris Cubs batting - Pitching for New Jersey Devils : RHP Aaron Marcum
|
Batting: LHB David Mendez
|
0-0: Ground out 4-3 (Groundball, 4, EV 84.4 MPH)
|
Pinch Hitting: RHB Juan Tarin
|
0-0: Fly out, F8 (Line Drive, 78M, EV 98.8 MPH)
|
Batting: RHB Jason Banks
|
0-0: Swinging Strike 0-1: Ball 1-1: Swinging Strike 1-2: Strikes out swinging
|
Bottom of the 7th over - 0 runs, 0 hits, 0 errors, 0 left on base; New Jersey 1 - Paris 0 |
TOP OF THE 8TH |
New Jersey Devils batting - Pitching for Paris Cubs : LHP Mike Anderson
|
Now in RF: Don Crockett
|
|
Batting: LHB Randolph Brodbeck
|
0-0: Called Strike 0-1: Ball 1-1: Ball 2-1: Swinging Strike 2-2: Ground out 5-3 (Groundball, 5, EV 84.4 MPH)
|
Batting: RHB Sergio Andrada
|
0-0: Ball 1-0: Ground out 5-3 (Groundball, P, EV 89.4 MPH)
|
Batting: RHB Warren Carmichael
|
0-0: SINGLE (Groundball, 34D, EV 95.0 MPH)
|
Batting: RHB Jacob Olander
|
0-0: SINGLE (Groundball, 56, EV 105.0 MPH) (infield hit) Warren Carmichael to second
|
Batting: LHB Rick Vallis
|
0-0: Swinging Strike 0-1: Called Strike 0-2: Ball 1-2: Foul Ball, location: 2F 1-2: Strikes out swinging
|
Top of the 8th over - 0 runs, 2 hits, 0 errors, 2 left on base; New Jersey 1 - Paris 0 |
BOTTOM OF THE 8TH |
Paris Cubs batting - Pitching for New Jersey Devils : RHP Aaron Marcum
|
Batting: LHB Bobby Marlatt
|
0-0: Ball 1-0: Called Strike 1-1: Swinging Strike 1-2: Strikes out swinging
|
Pinch Hitting: LHB Tyler Schuettler
|
0-0: Foul Ball, location: 2F 0-1: Foul Ball, location: 2F 0-2: Foul Ball, location: 2F 0-2: SOLO HOME RUN (Flyball, 89XD, EV 109.4 MPH), Distance : 441 ft
|
Batting: RHB Michihisa Tanaka
|
0-0: Called Strike 0-1: Swinging Strike 0-2: SOLO HOME RUN (Flyball, 78XD, EV 113.1 MPH), Distance : 440 ft
|
Batting: RHB Willie Rubio
|
0-0: Ball 1-0: Ball 2-0: Ball 3-0: Called Strike 3-1: Swinging Strike 3-2: Strikes out swinging
|
Batting: LHB Zach Martin
|
0-0: Ground out 6-3 (Groundball, 6, EV 81.9 MPH)
|
Bottom of the 8th over - 2 runs, 2 hits, 0 errors, 0 left on base; New Jersey 1 - Paris 2 |
TOP OF THE 9TH |
New Jersey Devils batting - Pitching for Paris Cubs : LHP Mike Anderson
|
Now in LF: Cliff Caudle
|
|
Pinch Hitting: RHB Eric Zylstra
|
0-0: Ball 1-0: Swinging Strike 1-1: Fly out, F8 (Flyball, 89M, EV 86.2 MPH)
|
Batting: RHB Craig Alvarado
|
0-0: Fly out, F8 (Flyball, 8LM, EV 80.6 MPH)
|
Pinch Hitting: RHB Juan Medina
|
0-0: Ball 1-0: Ball 2-0: Foul Ball, location: 2F 2-1: Ball 3-1: Called Strike 3-2: Fly out, F9 (Flyball, 9LS, EV 76.2 MPH)
|
Top of the 9th over - 0 runs, 0 hits, 0 errors, 0 left on base; New Jersey 1 - Paris 2 |
|